Map: Kairos Junction LE

Players

hinO - Winner!

  • Race: Zerg Zerg
  • Spawn Location: 11:00

Losting

  • Race: Protoss Protoss
  • Spawn Location: 5:00

Event: 2019 WCS Spring

VOD

Have the link to the VOD?

Description

Time

  • Played on: May 17, 2019, 8:38 a.m.
  • Length: 7:16

All games in this series

Show
View Real Time Build Order
Export as new Build Order

hinO Zerg - Winner!

Build Orders: Hatch First 

Get SALT Encoding   

  12  0:00  Drone  
  13  0:13  Overlord  
  13  0:16  Drone  
  14  0:32  Drone x2  
  16  0:48  Hatchery  
  15  0:51  Drone  
  15  0:55  Drone  
  17  0:59  Drone  
  18  1:09  Extractor  
  17  1:16  Spawning Pool  
  17  1:17  Drone  
  17  1:22  Drone  
  18  1:29  Drone  
  19  1:47  Hatchery  
  19  1:50  Drone  
  19  1:51  Drone  
  20  2:01  Drone x2  
  22  2:10  Metabolic Boost  
  22  2:14  Zergling x4  
  24  2:20  Queen  
  26  2:26  Overlord  
  26  2:29  Drone  
  27  2:35  Drone  
  28  2:44  Queen  
  28  2:46  Drone x2  
  28  2:48  Drone  
  33  2:55  Zergling x4  
  35  3:00  Queen  
  35  3:05  Overlord  
  37  3:08  Drone x2  
  39  3:15  Overlord  
  39  3:21  Overlord  
  39  3:27  Drone x3  
  39  3:33  Overlord  
  41  3:35  Drone x2  
  41  3:36  Drone x2  
  41  3:40  Overlord  
  45  3:43  Drone  
  45  3:46  Drone  
  45  3:48  Lair  
  47  3:49  Drone  
  47  3:50  Extractor  
  47  3:54  Extractor  
  46  3:56  Roach Warren, Drone  
  46  3:59  Drone x2  
  48  4:03  Drone  
  48  4:07  Drone x2  
  48  4:08  Drone  
  52  4:11  Spore Crawler  
  52  4:14  Zergling x6  
  52  4:16  Zergling x2  
  55  4:17  Zergling x2  
  55  4:23  Overlord  
  56  4:25  Zergling x4  
  58  4:38  Overlord  
  58  4:39  Roach x2  
  58  4:40  Roach x2  
  58  4:41  Roach  
  58  4:44  Roach  
  70  4:47  Overlord  
  70  4:51  Roach  
  72  5:00  Roach x4  
  80  5:07  Roach x3  
  80  5:09  Glial Reconstitution  
  80  5:12  Overseer  
  86  5:17  Roach  
  86  5:24  Roach x2  
  86  5:25  Roach  
  86  5:31  Roach x2  
  80  5:43  Roach  
  80  5:44  Roach  
  81  5:50  Roach  
  81  5:55  Zergling x16  
  86  6:07  Roach x2  
  88  6:13  Overlord x2  
  88  6:23  Zergling x2  
  88  6:24  Overlord x2  
  89  6:27  Spine Crawler  
  89  6:28  Spine Crawler  
  89  6:29  Roach  
  89  6:30  Zergling x4  
  90  6:34  Roach  
  92  6:43  Roach x3  
  90  6:54  Overseer  
  90  6:56  Roach x2  
  90  6:57  Roach  
Show
View Real Time Build Order
Export as new Build Order

Losting Protoss 

Build Orders: 1 Gate Expand 

Get SALT Encoding   

  12  0:01  Probe  
  13  0:13  Probe  
  14  0:22  Pylon  
  14  0:25  Probe  
  15  0:38  Probe  
  15  0:40  Gateway  
  16  0:47  Probe  
  16  0:50  Assimilator  
  16  0:55  Probe  
  18  1:06  Probe  
  19  1:19  Probe  
  20  1:25  Nexus  
  20  1:35  Cybernetics Core  
  20  1:38  Probe  
  21  1:45  Assimilator  
  21  1:49  Pylon  
  21  1:53  Probe  
  22  2:01  Adept  
  22  2:05  Probe  
  25  2:17  Probe  
  26  2:23  Pylon  
  26  2:24  Stalker  
  26  2:26  Warp Gate  
  26  2:29  Probe  
  29  2:37  Probe  
  29  2:42  Probe  
  31  2:45  Twilight Council  
  31  2:49  Probe  
  32  2:54  Probe  
  33  3:01  Probe  
  33  3:03  Adept  
  36  3:06  Robotics Facility  
  36  3:10  Probe  
  37  3:14  Probe  
  38  3:22  Pylon  
  38  3:29  Charge  
  36  3:37  Adept  
  36  3:41  Gateway  
  38  3:48  Gateway x2  
  38  3:55  Warp Prism  
  38  3:56  Gateway  
  38  3:57  Gateway  
  38  3:59  Gateway  
  40  4:11  Gateway  
  40  4:15  Pylon  
  40  4:20  Zealot  
  42  4:28  Probe  
  43  4:37  Pylon  
  43  4:48  Zealot x3  
  43  4:52  Zealot x2  
  51  4:53  Zealot x2  
  57  5:01  Pylon  
  57  5:13  Zealot x6  
  69  5:14  Zealot  
  45  5:37  Zealot x7  
  43  5:57  Robotics Bay, Probe x2  
  43  6:14  Assimilator  
  43  6:17  Zealot, Assimilator  
  43  6:18  Zealot x2  
  47  6:21  Probe x2  
  51  6:27  Zealot x2  
  49  6:35  Zealot x3  
  57  6:43  Zealot x2  
  59  6:48  Stalker  
  59  6:49  Stalker  
  57  6:59  Zealot x3  
  44  7:05  Zealot x2  
Tags
 
Add a new tag
Caveats
  • Supply blocks, unpowered buildings, or Contaminate may cause inaccurate times.
  • Supply counts are checked every 10 seconds.